 Dungeon Crawl Stone Soup version 0.21.1-1-g345015f (webtiles) character file.

581 prawnwizard the Geomancer (level 7, -13/36 HPs)
             Began as a Gargoyle Earth Elementalist on July 9, 2018.
             Killed by divine providence
             ... invoked by an orc priest
              (15 damage)
             ... on level 4 of the Dungeon.
             The game lasted 00:09:56 (5292 turns).

prawnwizard the Geomancer (GrEE)                    Turns: 5292, Time: 00:09:57

Health: -13/36     AC:  8    Str: 11    XL:     7   Next: 36%
Magic:  2/13       EV: 12    Int: 18    God:
Gold:   142        SH:  0    Dex: 10    Spells: 8/14 levels left

rFire    . . .     SeeInvis .   p - -1 short sword (curse)
rCold    . . .     Gourm    .   (no shield)
rNeg     + . .     Faith    .   c - +0 robe
rPois    ∞         Spirit   .   (no helmet)
rElec    +         Reflect  .   l - +0 cloak
rCorr    .         Harm     .   (no gloves)
MR       .....                  m - +0 pair of boots
Stlth    ++........             (no amulet)
HPRegen  0.12/turn              (no ring)
MPRegen  0.13/turn              (no ring)

@: very slightly contaminated
A: negative energy resistance 1, electricity resistance, unbreathing,
petrification resistance, rot immunity, AC +4
a: no special abilities


You were on level 4 of the Dungeon.
You were not hungry.

You visited 1 branch of the dungeon, and saw 5 of its levels.

You collected 142 gold pieces.

Inventory:

Hand Weapons
 g - a +0 dagger
 n - a +1 short sword of flaming
 p - a cursed -1 short sword (weapon)
Missiles
 b - 8 stones (quivered)
Armour
 c - a +0 robe (worn)
 l - a +0 cloak (worn)
 m - a +0 pair of boots (worn)
Wands
 o - a wand of acid (11)
Scrolls
 f - a scroll of amnesia
 j - a scroll of teleportation
 q - a scroll of enchant armour {unknown}
Potions
 a - a potion of lignification {unknown}
 h - 3 potions of curing
 i - a potion of agility {unknown}
 k - a potion of might {unknown}
Books
 e - a book of Geomancy

   Spells                             Type                      Level
   a - Sandblast                      Earth                        1
   b - Passwall                       Transmutation/Earth          2
   c - Stone Arrow                    Conjuration/Earth            3
   d - Petrify                        Transmutation/Earth          4
   e - Lee's Rapid Deconstruction     Earth                        5
Comestibles
 d - 6 rations


   Skills:
 - Level 1.5 Dodging
 - Level 2.1 Stealth
 + Level 4.4 Spellcasting
   Level 0.7 Transmutations
 * Level 8.4 Earth Magic


You had 8 spell levels left.
You knew the following spells:

 Your Spells              Type           Power        Failure   Level  Hunger
a - Sandblast             Erth           ####..       1%          1    None
b - Lee's Rapid Deconstr  Erth           ####......   12%         5    ######.


Dungeon Overview and Level Annotations

Branches:
Dungeon (5/15)
 Temple: D:4-7

Altars:
Gozag
Kikubaaqudgha
Nemelex Xobeh
Trog
Uskayaw
Xom

Shops:
D:4 [


Innate Abilities, Weirdness & Mutations

You are resistant to torment.
Your stone body is resilient. (AC +4)
You are immune to poison.
You resist negative energy. (rN+)
You are resistant to electric shocks. (rElec)
You can survive without breathing.
You are immune to petrification.
You are immune to rotting.


Message History

The orc priest invokes the aid of Beogh against you.
Beogh smites you!
You barely miss the orc.
The orc priest mumbles some strange prayers to Beogh against you.
Beogh smites you!
* * * LOW HITPOINT WARNING * * *
Casting: Lee's Rapid Deconstruction
Confirm with . or Enter, or press ? or * to list all spells.
You don't have enough magic to cast that spell.
Casting: Lee's Rapid Deconstruction
Confirm with . or Enter, or press ? or * to list all spells.
Aiming: Sandblast
Press: ? - help, Shift-Dir - straight line, f - orc priest
Aim: an orc priest, wielding a hand axe of electrocution (almost dead)
The blast of sand misses the orc priest.
b - 8 stones The orc misses you.
The orc priest invokes the aid of Beogh against you.
Beogh smites you!
You die...

#...## ###......
##........ ##.........
###..........
##...........# ####
##.o#...o.....# #..##
###o.#.........##
##..###..@##........##
##......##.........#
...
##...####.......###
#.. ##..# #......##
#.. #..# ###..### #..
#..# #### #.. #..# #..
#..## #.. ##...## #..


You could see an orc priest and an orc.

Vanquished Creatures
  Menkaure (D:4)
  A phantom (D:5)
  A centaur (D:5)
  A crimson imp (D:5)
  2 orc wizards (D:3)
  3 gnolls (D:4)
  8 adders
  An ooze (D:4)
  3 worms
  A dart slug (D:3)
  3 leopard geckos
  8 orcs
  8 bats
  4 giant cockroaches
  6 goblins
  10 hobgoblins
  8 jackals
  2 quokkas
  3 frilled lizards
  6 kobolds
  4 rats
84 creatures vanquished.

Notes
Turn   | Place    | Note
-------+----------+-------------------------------------------
     0 | D:1      | prawnwizard the Gargoyle Earth Elementalist began the quest for the Orb.
     0 | D:1      | Reached XP level 1. HP: 10/10 MP: 3/3
   128 | D:1      | Reached skill level 4 in Earth Magic
   331 | D:1      | Reached XP level 2. HP: 13/15 MP: 3/5
  1349 | D:2      | Reached XP level 3. HP: 19/19 MP: 0/6
  1828 | D:2      | Reached skill level 5 in Earth Magic
  2055 | D:2      | Reached XP level 4. HP: 23/24 MP: 4/8
  2489 | D:2      | Found a sparkling altar of Nemelex Xobeh.
  2490 | D:2      | Found an opulent altar of Gozag.
  3061 | D:3      | Reached XP level 5. HP: 14/28 MP: 0/9
  3443 | D:3      | Reached skill level 6 in Earth Magic
  3789 | D:4      | Noticed Menkaure
  3797 | D:4      | Killed Menkaure
  3797 | D:4      | Reached skill level 7 in Earth Magic
  3797 | D:4      | Reached XP level 6. HP: 18/32 MP: 5/11
  3938 | D:4      | Learned a level 5 spell: Lee's Rapid Deconstruction
  4000 | D:4      | Found a hide-covered altar of Uskayaw.
  4002 | D:4      | Found a sparkling altar of Nemelex Xobeh.
  4002 | D:4      | Found a shimmering altar of Xom.
  4004 | D:4      | Found a shimmering altar of Xom.
  4004 | D:4      | Found an ancient bone altar of Kikubaaqudgha.
  4004 | D:4      | Found a bloodstained altar of Trog.
  4430 | D:5      | Entered Level 5 of the Dungeon
  4498 | D:5      | Noticed a phantom
  4554 | D:5      | Killed a phantom
  4836 | D:5      | Reached XP level 7. HP: 36/36 MP: 11/13
  4839 | D:5      | Reached skill level 8 in Earth Magic
  5181 | D:4      | Found Reiraciosch's Armour Boutique.
  5292 | D:4      | Killed from afar by an orc priest

Skill      XL: |  1  2  3  4  5  6  7 |
---------------+----------------------+-----
Earth Magic    | 4 5 7 8 |  8.4
Spellcasting   | 3 4 |  4.4
Dodging        | |  1.5
Stealth        | |  2.1
Transmutations | |  0.7

Action                   |  1- 3 |  4- 6 |  7- 9 || total
-------------------------+-------+-------+-------++-------
Melee: Unarmed           |    16 |       |       ||    16
       Dagger            |    60 |    69 |       ||   129
       Short sword       |       |   182 |    15 ||   197
 Cast: Sandblast         |    34 |    49 |    12 ||    95
       Lee's Rapid Decon |       |     2 |     1 ||     3
  Use: Scroll            |       |     6 |       ||     6
 Stab: Sleeping          |     2 |       |       ||     2
  Eat: Chunk             |     4 |     7 |     1 ||    12
       Ration            |       |     1 |       ||     1
Armor: Robe              |    37 |   116 |     7 ||   160
Dodge: Dodged            |    91 |   205 |    18 ||   314
